 Dungeon Crawl Stone Soup version 0.27-a0-951-gae3e1deef5 (webtiles) character file.

Game seed: 13112688296615032787

411 gruber the Fighter (level 6, 0/57 HPs)
             Began as a Gnoll Wanderer on Apr 11, 2021.
             Succumbed to a kobold's poison
             ... in a sewer.
             The game lasted 00:03:29 (4128 turns).

gruber the Fighter (Gnoll Wanderer)                 Turns: 4128, Time: 00:03:29

Health: 0/57       AC:  3    Str: 12    XL:     6   Next: 90%
Magic:  9/9        EV: 12    Int: 13    God:
Gold:   143        SH:  0    Dex: 11    Spells: 9/9 levels left

rFire    . . .     SeeInvis .   a - +2 spear
rCold    . . .     Faith    .   (no shield)
rNeg     . . .     Spirit   .   d - +0 robe
rPois    .         Reflect  .   h - +0 helmet
rElec    .         Harm     .   (no cloak)
rCorr    .         Rampage  .   (no gloves)
Will     .....                  (no boots)
Stlth    +++.......             (no amulet)
HPRegen  0.19/turn              (no ring)
MPRegen  0.11/turn              (no ring)

@: lethally poisoned (0 -> -2), flying
A: fangs 1, strong nose, distributed training
a: no special abilities


You were in a sewer.
You visited 1 branch of the dungeon, and saw 3 of its levels.
You also visited: Sewer.

You collected 143 gold pieces.

Inventory:

Hand Weapons
 a - a +2 spear (weapon)
 e - a +0 dagger
Missiles
 m - 3 poisoned darts (quivered)
 o - a curare-tipped dart
Armour
 d - a +0 robe (worn)
 h - a +0 helmet (worn)
Jewellery
 j - an amulet of guardian spirit
Scrolls
 c - 2 scrolls of teleportation
 i - 2 scrolls of enchant weapon {unknown}
 k - 2 scrolls of magic mapping {unknown}
 l - 5 scrolls of identify {unknown}
 q - 2 scrolls of immolation {unknown}
 s - a scroll of blinking {unknown}
Potions
 b - a potion of lignification
 f - a potion of degeneration {unknown}
 g - a potion of heal wounds
 n - a potion of flight
 p - a potion of curing {unknown}
 r - a potion of brilliance {unknown}


   Skills:
 + Level 8.8 Fighting
 + Level 2.1 Short Blades
 + Level 2.1 Long Blades
 + Level 2.1 Axes
 + Level 2.1 Maces & Flails
 + Level 5.1 Polearms
 + Level 2.1 Staves
 + Level 2.1 Slings
 + Level 2.1 Bows
 + Level 2.1 Crossbows
 + Level 2.1 Throwing
 + Level 3.4 Armour
 + Level 2.1 Dodging
 + Level 4.7 Stealth
 + Level 3.4 Shields
 + Level 2.1 Unarmed Combat
 + Level 2.1 Spellcasting
 + Level 1.7 Conjurations
 + Level 1.7 Hexes
 + Level 1.7 Summonings
 + Level 1.7 Necromancy
 + Level 1.7 Translocations
 + Level 1.7 Transmutations
 + Level 1.7 Fire Magic
 + Level 1.7 Ice Magic
 + Level 1.7 Air Magic
 + Level 1.7 Earth Magic
 + Level 1.7 Poison Magic
 + Level 2.4 Invocations
 + Level 2.1 Evocations


You had 9 spell levels left.
You didn't know any spells.
Your spell library was empty.

Dungeon Overview and Level Annotations

Branches:
Dungeon (3/15)              Sewer (1/1)

Altars:
Qazlal

Annotations:
D:3 2 transporters


Innate Abilities, Weirdness & Mutations

You have very sharp teeth.
Your uncanny sense of smell can sniff out nearby items.
Your experience applies equally to all skills.


Message History

The kobold hits you with a +0 short sword.
* * * LOW HITPOINT WARNING * * *
The kobold hits you but does no damage.
Unknown command.
Unknown command.
You closely miss the kobold.
* * * LOW HITPOINT WARNING * * *
You feel sick.
The kobold hits you with a +0 short sword.
* * * LOW HITPOINT WARNING * * *
The kobold barely misses you. The kobold hits you with a +0 dagger.
* * * LOW HITPOINT WARNING * * *
Unknown command.
Unknown command.
You feel much better.
You feel sick.
The kobold hits you with a +0 short sword.
* * * LOW HITPOINT WARNING * * *
The kobold hits you with a +0 short sword.
* * * LOW HITPOINT WARNING * * *
The kobold closely misses you.
Unknown command.
Unknown command.
Unknown command.
You hit the kobold.
You kill the kobold!
You feel sick. The kobold closely misses you. The kobold barely misses you.
Unknown command.
Unknown command.
You hit the kobold.
The kobold is moderately wounded.
You feel sick.
The kobold hits you with a +0 short sword.
* * * LOW HITPOINT WARNING * * *
The kobold hits you with a +0 short sword.
* * * LOW HITPOINT WARNING * * *
Unknown command.
It was a potion of flight.
You feel very buoyant.
You fly up into the air.
You die...

≈≈≈≈≈≈≈≈≈ ≈≈≈ ≈≈≈
≈≈≈≈≈≈≈≈ ### ###
####### #![#!?#
#[.#..# !.(.!
#.....# ##...## ≈≈
##...## #...(.# ≈≈≈≈
#.....#
#.KK..#≈≈≈≈≈≈#.)...#
##@###≈≈≈≈≈≈###)###
#).).≈≈≈≈≈≈≈≈≈...##
#....≈≈≈≈≈≈≈≈≈....#
#...≈.≈≈≈≈≈≈≈≈....#
#....≈≈≈≈≈≈≈≈≈≈...#
##.....≈≈≈≈≈≈≈≈....
#....#≈≈≈≈≈≈≈.....
##..##≈≈≈≈≈≈≈≈.†..
#..##≈≈≈≈≈≈≈..†.#


You could see 2 kobolds.

Vanquished Creatures
  3 kobold brigands (Sewer)
  3 gnolls (D:2)
  5 adders
  5 river rats
  2 worms
  2 endoplasms (D:1)
  5 giant cockroaches
  6 hobgoblins
  6 jackals
  A quokka (D:1)
  8 ball pythons
  4 bats
  6 frilled lizards
  4 goblins
  14 kobolds
  29 rats
103 creatures vanquished.

Notes
Turn   | Place    | Note
-------+----------+-------------------------------------------
     0 | D:1      | gruber the Gnoll Wanderer began the quest for the Orb.
     0 | D:1      | gruber set off with the following items: a +2 spear, a
                  | potion of lignification, a scroll of teleportation, a +0
                  | robe, a +0 dagger
     0 | D:1      | Reached XP level 1. HP: 26/26 MP: 1/1
    55 | D:1      | Reached XP level 2. HP: 4/33 MP: 2/2
   729 | D:1      | Found a faded altar of an unknown god.
   899 | D:1      | Reached XP level 3. HP: 38/38 MP: 3/3
  1448 | D:2      | Reached skill level 1 in Invocations
  1464 | D:2      | Found a stormy altar of Qazlal.
  1581 | D:2      | Reached skill level 1 in Short Blades
  1581 | D:2      | Reached skill level 1 in Long Blades
  1581 | D:2      | Reached skill level 1 in Axes
  1581 | D:2      | Reached skill level 1 in Maces & Flails
  1581 | D:2      | Reached skill level 1 in Staves
  1581 | D:2      | Reached skill level 1 in Slings
  1581 | D:2      | Reached skill level 1 in Bows
  1581 | D:2      | Reached skill level 1 in Crossbows
  1581 | D:2      | Reached skill level 1 in Throwing
  1581 | D:2      | Reached skill level 1 in Dodging
  1581 | D:2      | Reached skill level 1 in Unarmed Combat
  1581 | D:2      | Reached skill level 1 in Spellcasting
  1581 | D:2      | Reached skill level 1 in Evocations
  1809 | D:2      | Reached XP level 4. HP: 41/45 MP: 5/5
  2360 | D:3      | Found a transporter.
  2375 | D:3      | Found a transporter.
  2400 | D:3      | Reached skill level 1 in Conjurations
  2400 | D:3      | Reached skill level 1 in Hexes
  2400 | D:3      | Reached skill level 1 in Summonings
  2400 | D:3      | Reached skill level 1 in Necromancy
  2400 | D:3      | Reached skill level 1 in Translocations
  2400 | D:3      | Reached skill level 1 in Transmutations
  2400 | D:3      | Reached skill level 1 in Fire Magic
  2400 | D:3      | Reached skill level 1 in Ice Magic
  2400 | D:3      | Reached skill level 1 in Air Magic
  2400 | D:3      | Reached skill level 1 in Earth Magic
  2400 | D:3      | Reached skill level 1 in Poison Magic
  2744 | D:3      | Found a glowing drain.
  2761 | D:3      | Reached XP level 5. HP: 20/51 MP: 6/6
  2988 | Sewer    | Entered a sewer
  3243 | Sewer    | Noticed a kobold brigand
  3278 | Sewer    | Killed a kobold brigand
  3579 | Sewer    | Reached XP level 6. HP: 53/57 MP: 8/8
  3630 | Sewer    | Reached skill level 5 in Polearms
  4124 | Sewer    | HP: 1/57 [kobold/+0 dagger (2)]
  4128 | Sewer    | Succumbed to a kobold's poison

Illustrated notes

Levels and vault maps discovered:
D:1:      dpeg_arrival_rhombus, layout_basic,
          hellmonk_ecumenical_altar_leap_of_faith, chequers_serial_rivers_room_a
D:2:      layout_basic, basic_altar, st_stairs_7
D:3:      gammafunk_wand_slinger, layout_loops_ring, nemelex_spade_bored_becter,
          tgw_kikubaaqudgha, portal_sewer_entry_a,
          corexii_item_surrounded_by_moat, uniq_terence
Sewer:    sewer_minmay_treatment

Skill      XL: |  1  2  3  4  5  6 |
---------------+-------------------+-----
Invocations    | 1 2 |  2.4
Short Blades   | 1 2 |  2.1
Long Blades    | 1 2 |  2.1
Axes           | 1 2 |  2.1
Maces & Flails | 1 2 |  2.1
Staves         | 1 2 |  2.1
Slings         | 1 2 |  2.1
Bows           | 1 2 |  2.1
Crossbows      | 1 2 |  2.1
Throwing       | 1 2 |  2.1
Dodging        | 1 2 |  2.1
Unarmed Combat | 1 2 |  2.1
Spellcasting   | 1 2 |  2.1
Evocations     | 1 2 |  2.1
Conjurations   | 1 |  1.7
Hexes          | 1 |  1.7
Summonings     | 1 |  1.7
Necromancy     | 1 |  1.7
Translocations | 1 |  1.7
Transmutations | 1 |  1.7
Fire Magic     | 1 |  1.7
Ice Magic      | 1 |  1.7
Air Magic      | 1 |  1.7
Earth Magic    | 1 |  1.7
Poison Magic   | 1 |  1.7
Armour         | 3 |  3.4
Shields        | 3 |  3.4
Polearms       | 5 |  5.1
Fighting       | |  8.8
Stealth        | |  4.7

Action                   |  1- 3 |  4- 6 || total
-------------------------+-------+-------++-------
Melee: Spear             |   108 |   235 ||   343
       Bite              |     5 |    16 ||    21
Throw: Dart              |       |     3 ||     3
  Use: Potion            |       |     3 ||     3
 Stab: Sleeping          |     6 |    10 ||    16
Armor: Robe              |    15 |    29 ||    44
Dodge: Dodged            |    39 |   129 ||   168

Table legend: (Time is in decaauts)
 A = Elapsed time spent in this place.
 B = Non-inter-level travel time spent in this place.
 C = Inter-level travel time spent in this place.
 D = Time resting spent in this place.
 E = Time spent auto-exploring this place.
 F = Levels seen in this place.
 G = Mean time per level.
                   A        B        C        D        E       F      G
               +--------+--------+--------+--------+--------+-----+--------+
         Total |   4086 |   3989 |     97 |      0 |   3336 |   4 | 1021.5 |
       Dungeon |   2966 |   2869 |     97 |      0 |   2509 |   3 |  988.7 |
         Sewer |   1119 |   1119 |      0 |      0 |    827 |   1 | 1119.0 |
               +--------+--------+--------+--------+--------+-----+--------+

Top non-repeatable levels by time:
     D:1: 1195 daAuts
   Sewer: 1119 daAuts
     D:2: 1113 daAuts
     D:3: 657 daAuts
